 Dungeon Crawl Stone Soup version 0.30.0-10-gfe55d96785 (webtiles) character file.

Game seed: 12539251761655833013

1844 ryw the Fighter (level 8, -5/67 (75) HPs)
             Began as a Demonspawn Monk on May 15, 2023.
             Slain by a wight
             ... wielding a +4 halberd
              (8 damage)
             ... on level 6 of the Dungeon.
             The game lasted 00:08:06 (5820 turns).

ryw the Fighter (Demonspawn Monk)                   Turns: 5820, Time: 00:08:07

HP:   -5/67 (75)    AC: 18    Str: 14    XL:     8   Next: 88%
MP:   8/8           EV:  8    Int: 11    God:
Gold: 318           SH:  0    Dex: 18    Spells: 7/7 levels left

rFire   . . .        m - +0 morningstar
rCold   . . .        c - orb {light}
rNeg    . . .        r - +5 chain mail of Womomutir {+Inv Dex+2}
rPois   .            f - +1 helmet
rElec   .            (no cloak)
rCorr   .            (no gloves)
SInv    .            (no boots)
Will    .....        (no amulet) Stlth
                     (no ring)
HPRegen 0.31/turn    (no ring)
MPRegen 0.11/turn

%: no passive effects
@: glowing, heavily drained
A: thin metallic scales 2, demonic guardian 1, foul stench 1
a: Evoke Invisibility


You were on level 6 of the Dungeon.
You visited 1 branch of the dungeon, and saw 6 of its levels.

You collected 318 gold pieces.

Inventory:

Hand Weapons
 m - a +0 morningstar (weapon)
 w - a +1 whip of flaming
Missiles
 a - 6 poisoned darts
 h - 3 boomerangs (quivered)
Armour
 c - an orb of light (worn)
 f - a +1 helmet (worn)
 r - the +5 chain mail of Womomutir (worn) {+Inv Dex+2}
   (You found it on level 4 of the Dungeon)

   Dex:       It affects your dexterity (+2).
   +Inv:      It lets you turn invisible.
Jewellery
 u - a ring of fire
Wands
 l - a wand of flame (19)
 A - a wand of roots (12)
Scrolls
 d - 2 scrolls of immolation
 e - a scroll of butterflies
 i - a scroll of poison
 s - 2 scrolls of teleportation
 v - a scroll of identify
 x - a scroll of fog {unknown}
 y - a scroll of enchant armour
Potions
 b - a potion of berserk rage
 g - a potion of lignification
 j - 2 potions of heal wounds
 k - 3 potions of might
 n - a potion of ambrosia
 o - 2 potions of degeneration {unknown}
 p - a potion of attraction {unknown}
 q - 2 potions of curing {unknown}
 t - a potion of flight {unknown}
 z - a potion of brilliance {unknown}


   Skills:
 + Level 11.4 Fighting
 - Level 1.0 Maces & Flails
 - Level 2.0 Armour
 - Level 3.0 Dodging
 - Level 2.6 Unarmed Combat


You had 7 spell levels left.
You didn't know any spells.
Your spell library contained the following spells:

 Spells                   Type           Power      Damage    Failure   Level
 Shock                    Conj/Air       0%         1d3       99%         1
 Swiftness                Air            0%         N/A       100%        3
 Airstrike                Air            0%         2d(0-16)  100%        4


Dungeon Overview and Level Annotations

Branches:
Dungeon (6/15)
 Temple: D:4-7

Altars:
Xom

Shops:
D:1 !   D:6 *

Annotations:
D:4 3 runed translucent doors, Darkkill's ghost, amateur MiHu; FexLirch's ghost, amateur MeEE; ProzacElf's ghost, weakling DsDe; domi's ghost, amateur HOMo
D:5 2 transporters, Fodor's ghost, novice MiFi


Innate Abilities, Weirdness & Mutations

You are mostly covered in thin metallic scales. (AC +3)
A weak demonic guardian rushes to your aid.
You may rarely emit foul miasma when damaged in melee.


Message History

* * * LOW HITPOINT WARNING * * *
The wight barely misses you.
Okay, then.
The wight attacks as you move away! The wight hits you but does no damage.
Your shadow imp hits the wight but does no damage.
Your shadow imp barely misses the wight.
The wight attacks as you move away! The wight hits you but does no damage.
You puncture the wight!
You destroy the wight!
Something misses your shadow imp.
Your shadow imp barely misses the wight.
What are your orders? t - Shout!
Orders for allies: a - Attack new target. r - Retreat! s - Stop attacking. g - Guard the area. f - Follow me.
Anything else - Cancel.
Gang up on whom?
Press: ? - help, Dir - move target, f - wight
Aim: a wight, wielding a +4 halberd and wearing a +0 robe (ally target, haloed) Attack!
The wight hits your shadow imp with a +4 halberd!
Your shadow imp barely misses the wight.
The wight closely misses your shadow imp.
Your shadow imp barely misses the wight.
The wight hits your shadow imp with a +4 halberd!
Your shadow imp dies!
Your shadow imp disappears in a puff of smoke!
The wight hits you from afar with a +4 halberd.
* * * LOW HITPOINT WARNING * * *
The wight hits you with a +4 halberd.
* * * LOW HITPOINT WARNING * * *
You sock the wight!
The wight is severely damaged.
The wight hits you with a +4 halberd!
* * * LOW HITPOINT WARNING * * *
A demonic guardian appears!
You feel drained.
* * * LOW HITPOINT WARNING * * *
The wight hits you with a +4 halberd!
You die...

..##.#..##.#
#....##....###
.##.#..##.#..#
.#.##..#.##..######
#....##....##..#..
#.##..#.##..##.#.#
..##.#..##.#.#.#.#
#....##....###.#.#
.##.#..##.#..#.#@#
.#.##..#.##....#z#
#....##....##.^#5#
#########
#.##..#.##..#..#.#
#......>#
..##.#..##.#...#.#
#.#####.#
#....##....##..#.#
###.#.###.#
.##.#..##.#....#.#
#...#..##.#
.#.##..#.##..###.#
#.###.∩...#
#....##....##z...#
#...#.#####


You could see a wight (ally target) and a friendly ufetubus (summoned).

Vanquished Creatures
  Pikel (D:5)
  Sigmund (D:5)
  Eustachio (D:5)
  Duvessa (D:5)
  A black bear (D:5)
  2 ogres
  A scorpion (D:4)
  Dowan (D:5)
  3 wights (D:6)
  4 hounds
  2 sleepcaps
  Ijyb (D:5)
  2 iguanas
  2 orc wizards
  4 adders
  A white imp (D:6)
  An ufetubus (D:6)
  A worm (D:3)
  8 dart slugs
  8 orcs
  13 endoplasms
  4 giant cockroaches
  9 goblins
  3 hobgoblins
  7 jackals (D:1)
  2 quokkas (D:2)
  5 ball pythons
  7 bats
  3 frilled lizards (D:1)
  5 kobolds
  8 rats
112 creatures vanquished.

Notes
Turn   | Place    | Note
-------+----------+-------------------------------------------
     0 | D:1      | ryw the Demonspawn Monk began the quest for the Orb.
     0 | D:1      | Reached XP level 1. HP: 18/18 MP: 1/1
    71 | D:1      | Found Ladeb's Distillery.
   140 | D:1      | Gained mutation: You are partially covered in thin metallic
                  | scales. (AC +2) [demonic ancestry]
   140 | D:1      | Reached XP level 2. HP: 22/24 MP: 2/2
   150 | D:1      | You fall into a shaft and drop 1 floor!
   164 | D:2      | Reached skill level 4 in Fighting
   233 | D:1      | Reached XP level 3. HP: 30/30 MP: 3/3
  1261 | D:2      | Reached skill level 5 in Fighting
  1261 | D:2      | Reached XP level 4. HP: 39/39 MP: 4/4
  1936 | D:3      | Found a shimmering altar of Xom.
  2201 | D:3      | Reached skill level 1 in Maces & Flails
  2530 | D:3      | Reached skill level 1 in Armour
  2719 | D:4      | Identified the +5 chain mail of Womomutir {+Inv Dex+2}
  2728 | D:4      | Gained mutation: You may rarely emit foul miasma when
                  | damaged in melee. [demonic ancestry]
  2728 | D:4      | Reached XP level 5. HP: 42/44 MP: 5/5
  3319 | D:4      | Noticed an ogre
  3324 | D:4      | Killed an ogre
  3327 | D:4      | Reached skill level 6 in Fighting
  3327 | D:4      | Gained mutation: You are mostly covered in thin metallic
                  | scales. (AC +3) [demonic ancestry]
  3327 | D:4      | Reached XP level 6. HP: 43/52 MP: 6/6
  3389 | D:4      | Found a runed translucent gate.
  3391 | D:4      | Found a runed translucent gate.
  3392 | D:4      | Found a runed translucent gate.
  3393 | D:4      | Noticed domi's ghost (amateur HOMo)
  3393 | D:4      | Noticed ProzacElf's ghost (weakling DsDe)
  3394 | D:4      | Noticed Darkkill's ghost (amateur MiHu)
  3394 | D:4      | Noticed FexLirch's ghost (amateur MeEE)
  4057 | D:5      | Entered Level 5 of the Dungeon
  4067 | D:5      | Reached skill level 7 in Fighting
  4103 | D:5      | Reached XP level 7. HP: 28/60 MP: 7/7
  4235 | D:5      | Found a transporter.
  4240 | D:5      | Noticed Fodor's ghost (novice MiFi)
  4245 | D:5      | Noticed Sigmund
  4253 | D:5      | Killed Sigmund
  4254 | D:5      | Reached skill level 8 in Fighting
  4357 | D:5      | Noticed Ijyb
  4366 | D:5      | Killed Ijyb
  4459 | D:5      | Noticed Dowan
  4465 | D:5      | Noticed Duvessa
  4512 | D:5      | Killed Duvessa
  4563 | D:5      | Killed Dowan
  4660 | D:5      | Found a transporter.
  4686 | D:5      | Noticed Pikel
  4700 | D:5      | Killed Pikel
  4701 | D:5      | Reached skill level 10 in Fighting
  4701 | D:5      | Gained mutation: A weak demonic guardian rushes to your
                  | aid. [demonic ancestry]
  4701 | D:5      | Reached XP level 8. HP: 50/72 MP: 8/8
  4817 | D:5      | Noticed Eustachio
  4832 | D:5      | Killed Eustachio
  5388 | D:6      | Found Costreecs's Mass Market.
  5613 | D:6      | Reached skill level 11 in Fighting
  5820 | D:6      | HP: 3/67 [wight/+4 halberd (4)]
  5820 | D:6      | Slain by a wight

Illustrated notes

Levels and vault maps discovered:
D:1:      tarquinn_simple_flora_water_b, layout_basic, serial_shops, shop,
          minmay_heptomino_w4
D:2:      layout_basic
D:3:      layout_loops_corners, xom_teletrap_fun
D:4:      layout_basic, gammafunk_ghost_cemetery, chequers_serial_rivers_micro_b
D:5:      layout_gridville, gammafunk_ghost_stat_death, serial_co_window_serial,
          co_window_paths_a, co_window_corner_a, co_window_of_opportunity_a,
          co_window_paths_a, co_window_paths_a, co_window_corner_a,
          co_window_broadway_b, co_window_cross_2, co_window_broadway_c,
          co_window_unsneaky_path_e, co_window_sun, glass_columns_a,
          glass_columns_b, uniq_pikel, uniq_sigmund, uniq_duvessa, uniq_ijyb,
          uniq_eustachio
D:6:      layout_basic, minmay_temple_entry_enclosed_plants,
          serial_corexii_hall, chequers_hall_statues_corner_a,
          corexii_hall_statues_deadend, minmay_shop_mass, nicolae_eternal_life,
          hangedman_abyss_or_decor_stabs, minmay_misc_feat_columns

Skill      XL: |  1  2  3  4  5  6  7  8 |
---------------+-------------------------+-----
Fighting       | 4 5 6 7 10 11 | 11.4
Maces & Flails | 1 |  1.0
Armour         | 1 2 |  2.0
Dodging        | 3 |  3.0
Unarmed Combat | |  2.6

Action                     |  1- 3 |  4- 6 |  7- 9 || total
---------------------------+-------+-------+-------++-------
  Melee: Unarmed           |    80 |       |       ||    80
         Hand axe          |    53 |     4 |       ||    57
         Morningstar       |       |   108 |   106 ||   214
  Throw: Boomerang         |       |       |     1 ||     1
    Use: Potion            |     1 |       |     1 ||     2
         Scroll            |     4 |     6 |       ||    10
 Armour: Robe              |    47 |       |       ||    47
         Plate armour      |       |    68 |       ||    68
         Chain mail        |       |    28 |    96 ||   124
  Dodge: Dodged            |   123 |    46 |    60 ||   229
